 Dungeon Crawl Stone Soup version 0.21-a0-193-g085b6a0 (webtiles) character file.

1090 Helio the Covert (level 8, -5/36 HPs)
             Began as a Spriggan Enchanter on Aug 14, 2017.
             Killed from afar by an orc wizard (9 damage)
             ... with a magic dart
             ... on level 5 of the Dungeon.
             The game lasted 00:12:56 (7252 turns).

Helio the Covert (Spriggan Enchanter)               Turns: 7252, Time: 00:12:57

Health: -5/36      AC:  3    Str:  5    XL:     8   Next: 9%
Magic:  5/16       EV: 19    Int: 17    God:
Gold:   263        SH:  0    Dex: 17    Spells: 3/17 levels left

rFire    . . .     SeeInvis +   h - +3 dagger (elec)
rCold    . . .     Gourm    .   (shield restricted)
rNeg     . . .     Faith    .   b - +0 robe
rPois    +         Spirit   .   k - +1 hat
rElec    .         Reflect  .   (no cloak)
rCorr    .         Harm     .   (gloves unavailable)
MR       +....                  (boots unavailable)
Stlth    +++++.....             g - amulet of rage
HPRegen  0.12/turn              r - +1 ring of evasion
MPRegen  0.15/turn              t - ring of poison resistance

@: very slightly contaminated, very quick
A: unfitting armour, see invisible, herbivore 3, speed 3, slow metabolism 2
a: Evoke Berserk Rage


You were on level 5 of the Dungeon.
You were not hungry.

You visited 1 branch of the dungeon, and saw 8 of its levels.

You collected 263 gold pieces.

Inventory:

Hand Weapons
 a - a +1 dagger
 h - a +3 dagger of electrocution (weapon)
Armour
 b - a +0 robe (worn)
 k - a +1 hat (worn)
Jewellery
 g - an amulet of rage (around neck)
 r - a +1 ring of evasion (left hand)
 t - a ring of poison resistance (right hand)
Wands
 n - a wand of flame (17/48)
 q - a wand of confusion (21/48)
 v - a wand of iceblast (6/15)
 w - a wand of acid (7/15)
Scrolls
 m - a scroll of recharging
 p - 2 scrolls of magic mapping
 u - 2 scrolls of amnesia
Potions
 f - 3 potions of flight
 i - 2 potions of lignification
 j - a potion of brilliance
 l - a potion of degeneration {unknown}
 o - a potion of heal wounds {unknown}
 s - a potion of resistance {unknown}
 x - a potion of might {unknown}
Books
 c - a book of Minor Magic

   Spells                             Type                      Level
   a - Magic Dart                     Conjuration                  1
   b - Blink                          Translocation                2
   c - Call Imp                       Summoning                    2
   d - Slow                           Hexes                        2
   e - Conjure Flame                  Conjuration/Fire             3
   f - Mephitic Cloud                 Conjuration/Poison/Air       3
Comestibles
 d - 3 bread rations


   Skills:
 - Level 1.1 Short Blades
 - Level 3.0 Dodging
 + Level 12.6 Stealth
 - Level 5.1 Spellcasting
 - Level 5.8 Hexes


You had 3 spell levels left.
You knew the following spells:

 Your Spells              Type           Power        Failure   Level  Hunger
a - Ensorcelled Hibernat  Hex/Ice        ##....       6%          2    #......
b - Corona                Hex            ###....      1%          1    None
c - Confuse               Hex            ###.....     3%          3    ###....
d - Tukima's Dance        Hex            ###.....     3%          3    ###....
e - Dazzling Spray        Conj/Hex       ##....       13%         3    ###....
f - Blink                 Tloc           N/A          22%         2    #......


Dungeon Overview and Level Annotations

Branches:
Dungeon (8/15)
 Temple: D:4-7         Lair: D:8-11

Altars:
Makhleb
Ru


Innate Abilities, Weirdness & Mutations

You are very small and have problems with some larger weapons.
You are too small for most types of armour.
You have supernaturally acute eyesight. (SInv)
You are a herbivore.
You cover ground extremely quickly.
You need consume almost no food.


Message History

Casting: Dazzling Spray
Confirm with . or Enter, or press ? or * to list all spells.
Aiming: Dazzling Spray
Press: ? - help, Shift-Dir - straight line, f - orc wizard
Aim: an orc wizard, wielding a dagger and wearing a robe (fast)
You miscast Dazzling Spray.
You are very lightly contaminated with residual magic.
Multicoloured lights dance before your eyes!
The orc wizard casts a spell at you. The magic dart hits you!
* * * LOW HITPOINT WARNING * * *
Casting: Dazzling Spray
Confirm with . or Enter, or press ? or * to list all spells.
Aiming: Dazzling Spray
Press: ? - help, Shift-Dir - straight line, f/p - orc wizard
Aim: an orc wizard, wielding a dagger and wearing a robe (fast)
The spray of energy misses the orc wizard.
The orc wizard gestures at you while chanting.
The magic dart hits you!
You die...

#........#.......#.'
#........#.....###.#
#........'.>...#.o: ###
#........#o....###o #..
#........#.......# .# #.#
##########..o....###..# #.#
###)###.....# #.#
#.###.#############.#
#).o@...............#
##################### #
#################################
.......................[.........
#################################
#


You could see an orc wizard.

Vanquished Creatures
  A sky beast (D:6)
  An orc warrior (D:7)
  An ogre (D:4)
  An ice beast (D:7)
  A bullfrog (D:3)
  A jelly (D:5)
  2 bullfrog skeletons (D:4)
  2 orc priests
  A centaur skeleton (D:5)
  Jessica (D:2)
  5 orc wizards (D:5)
  5 worker ants
  2 hound skeletons
  6 adders
  A shadow imp (D:5)
  An ooze (D:2)
  An adder skeleton (D:4)
  3 dart slugs
  3 leopard geckos
  6 orcs
  7 bats
  5 giant cockroaches
  4 goblins
  8 hobgoblins
  4 jackals (D:1)
  4 quokkas
  2 frilled lizards
  10 kobolds
  9 rats
98 creatures vanquished.

Vanquished Creatures (others)
  An ogre (D:4)
  An orc wizard (D:5)
2 creatures vanquished.

Grand Total: 100 creatures vanquished

Notes
Turn   | Place    | Note
-------+----------+-------------------------------------------
     0 | D:1      | Helio the Spriggan Enchanter began the quest for the Orb.
     0 | D:1      | Reached XP level 1. HP: 9/9 MP: 5/5
   448 | D:1      | Reached XP level 2. HP: 13/13 MP: 7/7
   452 | D:1      | Learned a level 2 spell: Ensorcelled Hibernation
  1406 | D:1      | Reached XP level 3. HP: 16/16 MP: 9/9
  1411 | D:1      | Learned a level 3 spell: Confuse
  1415 | D:1      | Learned a level 3 spell: Tukima's Dance
  2115 | D:2      | Noticed Jessica
  2118 | D:2      | Killed Jessica
  2118 | D:2      | Reached skill level 5 in Hexes
  2118 | D:2      | Reached XP level 4. HP: 21/21 MP: 11/11
  2155 | D:2      | Found a burning altar of Makhleb.
  3274 | D:3      | Noticed a bullfrog
  3285 | D:3      | Killed a bullfrog
  3285 | D:3      | Reached skill level 5 in Spellcasting
  3285 | D:3      | Reached XP level 5. HP: 22/24 MP: 4/13
  3585 | D:4      | Reached skill level 5 in Stealth
  3785 | D:4      | Noticed an ogre
  3795 | D:4      | Killed an ogre
  3795 | D:4      | Reached skill level 7 in Stealth
  3795 | D:4      | Reached XP level 6. HP: 28/28 MP: 7/14
  4484 | D:4      | Reached skill level 8 in Stealth
  4569 | D:4      | Found a sacrificial altar of Ru.
  4752 | D:5      | Entered Level 5 of the Dungeon
  4913 | D:5      | Reached skill level 9 in Stealth
  5150 | D:4      | Learned a level 3 spell: Dazzling Spray
  5154 | D:5      | Reached XP level 7. HP: 26/32 MP: 11/15
  6093 | D:5      | Identified a scroll of acquirement
  6148 | D:5      | Reached skill level 10 in Stealth
  6557 | D:5      | Learned a level 2 spell: Blink
  6561 | D:5      | You fall through a shaft for 3 floors!
  6724 | D:7      | Reached skill level 11 in Stealth
  6967 | D:6      | Reached skill level 12 in Stealth
  7229 | D:5      | Reached XP level 8. HP: 31/36 MP: 16/16
  7243 | D:5      | HP: 1/36 [orc wizard/magic dart (7)]
  7252 | D:5      | Killed from afar by an orc wizard

Vault maps used:
D:1:      shiori_arrival_oz, minivault_4, minmay_misc_feat_more_columns
D:2:      lemuel_crystal_altar, first_bread, uniq_jessica
D:3:      minmay_crystal_water
D:4:      kennysheep_mini, lemuel_old_faithful
D:5:      minmay_a_box_with_orc_wizards_in_it
D:6:      lemuel_ratsnest, kennysheep_little_box, lemuel_crystal_altar,
          temple_fountains, serial_shops, shop

Skill      XL: |  1  2  3  4  5  6  7 |
---------------+----------------------+-----
Spellcasting   | 3 4 5 |  5.1
Hexes          | 4 5 |  5.8
Stealth        | 7 9 12 | 12.6
Short Blades   | |  1.1
Dodging        | |  3.0

Action                   |  1- 3 |  4- 6 |  7- 9 || total
-------------------------+-------+-------+-------++-------
Melee: Dagger            |    90 |   173 |    70 ||   333
 Cast: Corona            |     1 |     1 |       ||     2
       Ensorcelled Hiber |    16 |    20 |    10 ||    46
       Confuse           |       |    12 |     2 ||    14
       Dazzling Spray    |       |     1 |     7 ||     8
 Abil: Evoke Berserk Rag |     2 |       |       ||     2
  Use: Scroll            |     1 |     5 |     7 ||    13
       Potion            |       |       |     4 ||     4
 Stab: Sleeping          |    18 |    22 |     7 ||    47
       Confused          |       |     5 |       ||     5
       Invisible         |       |     1 |     6 ||     7
  Eat: Royal jelly       |     1 |     2 |       ||     3
       Bread ration      |       |     1 |       ||     1
Armor: Robe              |    18 |    17 |    12 ||    47
Dodge: Dodged            |    76 |   132 |    64 ||   272
